 Dungeon Crawl Stone Soup version 0.31-a0-948-gf5be29c462 (webtiles) character file.

Game seed: 13035415517134943062

207651 gruber the Shatterer (level 18, -14/171 HPs)
             Began as a Minotaur Berserker on Oct 21, 2023.
             Was a High Priest of Trog.
             Killed from afar by a will-o-the-wisp (29 damage)
             ... with a foxfire
             ... on level 4 of the Swamp.
             The game lasted 01:09:20 (36321 turns).

gruber the Shatterer (Minotaur Berserker)          Turns: 36321, Time: 01:09:21

Health: -14/171    AC: 19    Str: 29    XL:     18   Next: 10%
Magic:  3/17       EV: 25    Int:  4    God:    Trog [*****.]
Gold:   2369       SH: 23    Dex: 18    Spells: 17/17 levels left

rFire   . . .        m - +8 eveningstar (elec)
rCold   . . .        Q - +2 kite shield
rNeg    . . .        S - +0 swamp dragon scales
rPois   +            I - +0 hat {Will+}
rElec   +            l - scarf {repulsion}
rCorr   .            C - +3 Mad Mage's Maulers {Infuse+∞ VampMP -Cast}
SInv    .            T - +1 pair of boots of Relativism {-Cast Rampage rElec Dex+7}
Will    +++..        R - amulet of reflection
Stlth   +            n - ring of willpower
HPRegen 0.48/turn    c - +5 ring of evasion
MPRegen 0.15/turn

%: no spellcasting, repel missiles, reflection, rampage, infuse magic (3 MP)
@: no status effects
A: horns 2, retaliatory headbutt
}: 1/15 runes: gossamer
a: Renounce Religion, Berserk, Trog's Hand, Brothers in Arms


You were on level 4 of the Swamp.
You worshipped Trog.
Trog was extremely pleased with you.
You visited 5 branches of the dungeon, and saw 30 of its levels.
You also visited: Bailey.

You collected 2730 gold pieces.
You spent 361 gold pieces at shops.

Inventory:

Hand Weapons
 m - a +8 eveningstar of electrocution (weapon)
Missiles
 J - 39 poisoned darts
 P - 5 throwing nets
Armour
 l - a scarf of repulsion (worn)
 C - the +3 Mad Mage's Maulers (worn) {Infuse+∞ VampMP -Cast}
   (You acquired it on level 14 of the Dungeon)

   Infuse+∞: It empowers its wearer's blows with all of their magic.
   VampMP:    Blows struck in melee replenish the wearer's magic.
   -Cast:     It prevents spellcasting.
 I - a +0 hat of willpower (worn)
 Q - a +2 kite shield (worn)
 S - +0 swamp dragon scales (worn)
 T - the +1 pair of boots of Relativism (worn) {-Cast Rampage rElec Dex+7}
   (You bought it in a shop on level 2 of the Orcish Mines)

   Dex+7:     It affects your dexterity (+7).
   rElec:     It insulates you from electricity.
   -Cast:     It prevents spellcasting.
   Rampage:   It bestows one free step when moving towards enemies.
Jewellery
 c - a +5 ring of evasion (right hand)
 n - a ring of willpower (left hand)
 B - a ring of resist corrosion
 G - a ring of willpower
 R - an amulet of reflection (around neck)
Wands
 t - a wand of charming (40)
 u - a wand of roots (17)
 D - a wand of mindburst (36)
 O - a wand of flame (30)
 X - a wand of digging (8)
 Z - a wand of acid (10)
Scrolls
 a - 9 scrolls of noise
 b - 8 scrolls of enchant weapon {unknown}
 d - 5 scrolls of identify
 e - 3 scrolls of immolation {unknown}
 f - 9 scrolls of amnesia {unknown}
 i - a scroll of enchant armour
 k - 3 scrolls of revelation {unknown}
 o - 5 scrolls of fog
 s - 5 scrolls of vulnerability
 v - 6 scrolls of teleportation
 x - 9 scrolls of fear
 y - 3 scrolls of brand weapon
 E - 4 scrolls of blinking
 H - 4 scrolls of poison
 W - a scroll of summoning
 Y - a scroll of torment
Potions
 g - 8 potions of curing
 h - 3 potions of brilliance
 j - 5 potions of enlightenment
 p - 8 potions of heal wounds
 q - 7 potions of ambrosia
 r - 9 potions of mutation
 w - 3 potions of magic
 z - 10 potions of might
 A - 2 potions of resistance
 K - 2 potions of haste
 L - 7 potions of attraction
 N - 6 potions of lignification
 V - 2 potions of invisibility


   Skills:
 * Level 17.6 Fighting
 - Level 21.0 Maces & Flails
 - Level 17.0 Armour
 - Level 14.0 Dodging
 - Level 19.0 Shields


You had 17 spell levels left.
You didn't know any spells.
Your spell library was empty.

Dungeon Overview and Level Annotations

Branches:
Dungeon (15/15)            Temple (0/1) D:5            Lair (5/5) D:8
  Swamp (4/4) Lair:2       Spider (4/4) Lair:2          Orc (2/2) D:9
    Elf (0/3) Orc:2        Vaults (0/5) D:13         Depths (0/4) D:15
 Bailey (visited)
  Slime: Lair:4-5

Altars:
Ashenzari
Elyvilon
Fedhas
Gozag
Hepliaklqana
Kikubaaqudgha
Makhleb
Uskayaw
Vehumet
Xom
Zin
Jiyva
Lugonu

Shops:
D:1 :   D:7 :   D:12 ?:(*[   D:14 *   Orc:2 !*[=?*

Portals:
Abyss: Lair:5 Swamp:2
Trove: D:14 (give +2 gold dragon scales)

Annotations:
Lair:3 3 runed translucent doors, Nuriomm's ghost, journeyman GnWn
Lair:5 exclusion: 2 oklob plants
Swamp:2 2 transporters, xfalz's ghost, journeyman GnSk


Innate Abilities, Weirdness & Mutations

You have a pair of horns on your head.
You reflexively headbutt those who attack you in melee.


Message History

You sock the shambling mangrove!
The shambling mangrove is lightly damaged.
The foxfire hits you! x2
The shambling mangrove completely misses you.
You furiously retaliate!
You headbutt the shambling mangrove!
The will-o-the-wisp gestures.
The will-o-the-wisp conjures some marshlight! 2 foxfires come into view.
You hit the shambling mangrove.
The shambling mangrove is moderately damaged.
The foxfire hits you but does no damage.
The foxfire hits you!!
The will-o-the-wisp gestures.
The will-o-the-wisp conjures some marshlight!
The swamp drake breathes poison at you. The noxious blast misses you.
You block the shambling mangrove's attack. 2 foxfires come into view.
You puncture the shambling mangrove!
The shambling mangrove is heavily damaged.
The foxfire hits you! The foxfire hits you!!
* * * LOW HITPOINT WARNING * * *
Unknown command.
Unknown command.
The will-o-the-wisp blinks!
Unknown command.
Unknown command.
Unknown command.
Unknown command.
The will-o-the-wisp gestures.
The will-o-the-wisp conjures some marshlight!
You block the shambling mangrove's attack. 2 foxfires come into view.
There is a stone staircase leading up, spattered with blood here.
Unknown command.
Unknown command.
The foxfire hits you!!
* * * LOW HITPOINT WARNING * * *
The foxfire hits you!!
You die...

♣~ ~~~~♣ ♣~♣♣♣
.~~~~
♣♣.~~♣♣♣...♣ ~
♣?~~.♣...~♣ ~~
♣.~~...~~♣ ♣.~~
♣. ♣~.~~~♣♣~...
♣..♣[§§...~♣.~f
♣§~♣v§v.$...~~~
♣.@÷/~~~~~)~~
♣~♣kf~~~~§§♣♣~
♣♣♣♣♣D~~~~.~♣
♣.§D)~....♣♣~~♣
♣.~D♣♣♣♣♣♣♣ ♣♣
♣..[~ ♣~.♣~.
♣~~ D.~ ♣..
..~~


You could see a shambling mangrove, a swamp dragon (strong), a will-o-the-wisp
and a swamp drake (strong, catching breath).

Vanquished Creatures
  Agnes (Spider:1)
  A thorn hunter (Swamp:4)
  A fenstrider witch (Swamp:1)
  4 emperor scorpions
  A ghost moth (Spider:3)
  A formless jellyfish (shapeshifter) (D:15)
  2 orc warlords
  6 broodmothers
  2 eleionomae
  2 bunyips
  2 spark wasps (Spider:3)
  5 entropy weavers
  Josephine (D:13)
  3 shambling mangroves
  A fire dragon (D:15)
  14 hydras
  A jorogumo (Spider:4)
  3 ogre magi
  4 vault guards (D:13)
  4 ghost crabs
  A rakshasa (D:15)
  A radroach (Spider:1)
  6 alligators
  17 two-headed ogres
  3 catoblepae
  The ghost of Armakuni the Carver, a journeyman HuMo of Elyvilon (D:8)
  Erica (D:8)
  2 tengu warriors
  3 thrashing horrors (Lair:5)
  4 boulder beetles
  11 demonic crawlers
  3 death yaks (Lair:5)
  6 centaur warriors
  An occultist (D:10)
  5 orc high priests (Orc:2)
  2 skysharks
  A sun moth (Spider:1)
  11 pharaoh ants
  2 goliath frogs
  2 spriggan druids
  11 orb spiders
  5 swamp dragons
  A glowing orange brain (D:15)
  4 steelbarb worms
  8 bog bodies
  A lindwurm (Lair:4)
  Pikel (D:9)
  10 orc knights
  21 wolf spiders
  2 deep elf pyromancers
  An orc sorcerer (Orc:1)
  4 manticores
  5 will-o-the-wisps
  7 cyclopes
  13 ugly things
  11 elephants
  4 black mambas
  3 torpor snails
  A gargoyle (D:11)
  9 cane toads
  Joseph (D:8)
  3 smoke demons (Lair:5)
  Jeremiah (D:9)
  A kobold demonologist (D:10)
  3 rime drakes
  Psyche (D:8)
  11 komodo dragons
  2 tengu conjurers
  20 hornets
  9 meliai
  6 tyrant leeches
  A polar bear (Lair:2)
  7 trolls
  A raiju (Lair:5)
  22 tarantellas
  7 dream sheep (Lair:2)
  25 blink frogs
  34 jumping spiders
  7 slime creatures
  23 spriggans
  3 ynoxinuls (Lair:5)
  24 culicivoras
  3 wraiths
  3 wyverns
  13 yaks
  12 basilisks
  3 steam dragons
  3 vampire mosquitoes (Swamp:2)
  A chaos spawn (Lair:5)
  5 wargs
  48 redbacks
  Menkaure (D:5)
  9 swamp worms
  8 water moccasins
  2 acid dragons
  38 orc warriors
  9 small abominations (Lair:5)
  5 black bears
  2 swamp drakes
  16 centaurs
  A boggart (D:14)
  13 wolves
  13 ogres
  A lemure (D:9)
  7 kobold brigands
  4 gnoll sergeants
  2 scorpions
  14 bullfrogs
  4 wights (D:7)
  21 killer bees
  An electric eel (Lair:2)
  4 howler monkeys
  2 hounds (D:5)
  2 jellies (D:6)
  31 orc priests
  2 sleepcaps
  25 orc wizards
  3 iguanas
  11 hell rats (Lair:3)
  10 gnolls
  8 adders
  A white imp (D:6)
  A worm (D:4)
  2 dart slugs
  90 orcs
  7 endoplasms
  A giant cockroach (shapeshifter) (Lair:5)
  8 giant cockroaches
  8 goblins
  7 hobgoblins
  3 quokkas
  4 ball pythons
  9 bats
  41 kobolds
  5 rats
1023 creatures vanquished.

Vanquished Creatures (collateral kills)
  A broodmother (Spider:2)
  An orb spider (Spider:2)
  3 orc knights (Orc:2)
  A wolf spider (Spider:1)
  2 wraiths (D:13)
  An orc warrior (Orc:2)
  2 orc priests (Orc:2)
  2 orc wizards (Orc:2)
  4 orcs (Orc:2)
17 creatures vanquished.

Vanquished Creatures (others)
  A wolf spider (Spider:2)
  3 bloated husks
  A swamp worm (Swamp:3)
  3 orcs
  2 kobolds (D:8)
  27 foxfires
37 creatures vanquished.

Grand Total: 1077 creatures vanquished

Notes
Turn   | Place    | Note
-------+----------+-------------------------------------------
     0 | D:1      | gruber the Minotaur Berserker began the quest for the Orb.
     0 | D:1      | Reached XP level 1. HP: 19/19 MP: 0/0
    84 | D:1      | Reached skill level 4 in Maces & Flails
   117 | D:1      | Reached XP level 2. HP: 26/26 MP: 1/1
   237 | D:1      | Found Nezuliusch's Book Emporium.
   494 | D:1      | Reached skill level 5 in Maces & Flails
   609 | D:2      | Reached XP level 3. HP: 30/31 MP: 2/2
   684 | D:2      | Reached ** piety under Trog
  1051 | D:2      | Reached skill level 6 in Maces & Flails
  1051 | D:2      | Reached XP level 4. HP: 19/39 MP: 3/3
  1808 | D:3      | Found a hazy altar of Hepliaklqana.
  2166 | D:3      | Found a faded altar of an unknown god.
  2527 | D:4      | You fall into a shaft and drop 2 floors!
  2533 | D:6      | Noticed a centaur
  2541 | D:6      | Killed a centaur
  2542 | D:6      | Reached skill level 7 in Maces & Flails
  2542 | D:6      | Reached XP level 5. HP: 32/45 MP: 4/4
  2551 | D:6      | Noticed a centaur
  2725 | D:6      | Noticed a water moccasin
  2737 | D:6      | Killed a water moccasin
  2738 | D:6      | Reached skill level 8 in Maces & Flails
  2738 | D:6      | Reached XP level 6. HP: 9/51 MP: 5/5
  2740 | D:6      | HP: 2/51 [poisoned by a water moccasin]
  3090 | D:6      | Reached skill level 9 in Maces & Flails
  3093 | D:6      | Reached *** piety under Trog
  3143 | D:6      | Reached XP level 7. HP: 22/57 MP: 6/6
  3412 | D:6      | Reached skill level 10 in Maces & Flails
  3486 | D:5      | Entered Level 5 of the Dungeon
  3486 | D:5      | Noticed Menkaure
  3488 | D:5      | Found a staircase to the Ecumenical Temple.
  3492 | D:5      | Killed Menkaure
  3547 | D:5      | Reached skill level 5 in Fighting
  3922 | D:5      | Reached XP level 8. HP: 51/71 MP: 7/7
  4081 | D:5      | Found a broken altar of Ashenzari.
  4458 | D:5      | Found a glowing silver altar of Zin.
  4783 | D:4      | Found an ancient bone altar of Kikubaaqudgha.
  4917 | D:4      | Found a blossoming altar of Fedhas.
  4917 | D:4      | Found an opulent altar of Gozag.
  5189 | D:6      | Found a white marble altar of Elyvilon.
  5196 | D:6      | Found a burning altar of Makhleb.
  5297 | D:6      | Found a shimmering altar of Xom.
  5481 | D:7      | Reached skill level 5 in Armour
  5606 | D:7      | Found Koruhaf's Tremendous Tomes.
  5960 | D:8      | Noticed Psyche
  5967 | D:8      | Reached XP level 9. HP: 83/83 MP: 8/8
  5975 | D:8      | Killed Psyche
  5984 | D:8      | Found a flagged portal.
  6018 | Bailey   | Entered a bailey
  6035 | Bailey   | Reached **** piety under Trog
  6177 | Bailey   | Reached skill level 10 in Armour
  6456 | Bailey   | Reached skill level 5 in Dodging
  6465 | Bailey   | Reached XP level 10. HP: 49/86 MP: 9/9
  6747 | Bailey   | Noticed a two-headed ogre
  7674 | Bailey   | Killed a two-headed ogre
  7878 | D:8      | Noticed Erica
  7905 | D:8      | Killed Erica
  7938 | D:8      | Noticed Joseph
  7947 | D:8      | Killed Joseph
  8051 | D:8      | Reached skill level 10 in Dodging
  8140 | D:8      | Found a runed translucent gate.
  8141 | D:8      | Found a runed translucent gate.
  8141 | D:8      | Noticed Armakuni's ghost (journeyman HuMo)
  8142 | D:8      | Found a runed translucent gate.
  8282 | D:8      | Found a staircase to the Lair.
  8294 | D:8      | Noticed an elephant
  8305 | D:8      | Killed an elephant
  8306 | D:8      | Reached skill level 11 in Maces & Flails
  8537 | D:9      | Noticed Pikel
  8561 | D:9      | Killed Pikel
  8658 | D:9      | Reached XP level 11. HP: 91/97 MP: 10/10
  8701 | D:9      | Reached skill level 12 in Maces & Flails
  8715 | D:9      | Reached ***** piety under Trog
  8720 | D:9      | Found a staircase to the Orcish Mines.
  8848 | D:9      | Noticed Jeremiah
  8860 | D:9      | Killed Jeremiah
  8956 | D:9      | Reached skill level 13 in Maces & Flails
  9116 | D:9      | Found a hide-covered altar of Uskayaw.
  9141 | D:9      | Reached skill level 1 in Shields
  9375 | D:10     | Entered Level 10 of the Dungeon
  9375 | D:10     | Noticed a two-headed ogre
  9385 | D:9      | Killed a two-headed ogre
  9421 | Orc:1    | Entered Level 1 of the Orcish Mines
  9512 | D:10     | Noticed a centaur warrior
  9512 | D:10     | Noticed an occultist
  9512 | D:10     | Noticed a centaur warrior
 10000 | D:10     | Reached skill level 5 in Shields
 10125 | D:10     | Noticed an ogre mage
 10276 | D:10     | Noticed a two-headed ogre
 10315 | D:10     | Killed a two-headed ogre
 10457 | D:10     | Killed a centaur warrior
 10539 | D:10     | Killed a centaur warrior
 10611 | D:10     | Killed an ogre mage
 10637 | D:10     | Reached skill level 10 in Shields
 10709 | D:10     | Reached XP level 12. HP: 104/104 MP: 11/11
 11482 | D:11     | Received a gift from Trog
 11525 | D:11     | Noticed a boulder beetle
 11534 | D:11     | Killed a boulder beetle
 11660 | D:11     | Identified the +2 cloak "Cepheump" {Str-2 Int+6}
 11848 | D:8      | Killed Armakuni's ghost
 11879 | D:8      | Identified the +0 cloak "Zeogy" {Int+3}
 11945 | Lair:1   | Entered Level 1 of the Lair of Beasts
 11958 | Lair:1   | Reached skill level 14 in Maces & Flails
 12638 | Lair:1   | Noticed an eight-headed hydra
 12647 | Lair:1   | Killed an eight-headed hydra
 12648 | Lair:1   | Reached skill level 15 in Maces & Flails
 13155 | Lair:2   | Reached skill level 16 in Maces & Flails
 13267 | Lair:2   | Found a hole to the Spider Nest.
 13301 | Lair:2   | Reached skill level 10 in Fighting
 13301 | Lair:2   | Reached XP level 13. HP: 113/113 MP: 12/12
 13736 | Lair:2   | Found a staircase to the Swamp.
 13986 | Lair:3   | Found a runed translucent gate.
 13986 | Lair:3   | Found a runed translucent gate.
 14026 | Lair:3   | Received a gift from Trog
 14274 | Lair:3   | Found a runed translucent gate.
 14277 | Lair:3   | Noticed Nuriomm's ghost (journeyman GnWn)
 14594 | Lair:3   | Found a viscous altar of Jiyva.
 15834 | Lair:5   | Entered Level 5 of the Lair of Beasts
 16151 | Lair:5   | Reached XP level 14. HP: 132/132 MP: 13/13
 16192 | Lair:5   | Received a gift from Trog
 16248 | Lair:5   | Reached skill level 15 in Shields
 16703 | Lair:5   | Reached skill level 17 in Maces & Flails
 16877 | Lair:5   | Found a corrupted altar of Lugonu.
 16877 | Lair:5   | Found a one-way gate to the infinite horrors of the Abyss.
 17090 | Lair:5   | Found a viscous altar of Jiyva.
 17740 | Orc:2    | Entered Level 2 of the Orcish Mines
 17743 | Orc:2    | Noticed an orc warlord
 17763 | Orc:1    | Killed an orc warlord
 17764 | Orc:1    | Reached skill level 18 in Maces & Flails
 17807 | Orc:2    | Received a gift from Trog
 17893 | Orc:2    | Found Jiadic's Overcharged Wands.
 18353 | Orc:2    | Reached skill level 19 in Maces & Flails
 18728 | Orc:2    | Found Qooruq's Distillery.
 18751 | Orc:2    | Found a staircase to the Elven Halls.
 18840 | Orc:2    | Noticed an orc warlord
 18879 | Orc:2    | Killed an orc warlord
 19344 | Orc:2    | Found Ugant's Antique Armour Emporium.
 19344 | Orc:2    | Found Ivukudio's Jewellery Emporium.
 19345 | Orc:2    | Found Dysofoet's Magic Scroll Shoppe.
 19345 | Orc:2    | Found Liuciy's Assorted Antiques.
 19352 | Orc:2    | Bought a pair of spiked boots for 247 gold pieces
 19352 | Orc:2    | Identified the +1 pair of boots of Relativism {-Cast
                  | Rampage rElec Dex+7} (You bought it in a shop on level 2 of
                  | the Orcish Mines)
 19568 | D:12     | Reached skill level 20 in Maces & Flails
 19618 | D:12     | Found Utashey's Antique Weapon Shoppe.
 19627 | D:12     | Found Ykoxkou's General Store.
 19765 | D:12     | Identified the +9 short sword of the Thirsty Hosts {spect,
                  | MP+9}
 19826 | D:12     | Found Hediy's Antique Armour Emporium.
 19955 | D:12     | Found Nedoc's Magic Scroll Shoppe.
 19969 | D:12     | Bought a scroll of brand weapon for 114 gold pieces
 20057 | D:12     | Reached XP level 15. HP: 117/138 MP: 14/14
 20198 | D:12     | Found Cunusk's Book Boutique.
 20480 | D:13     | Noticed Josephine
 20493 | D:13     | Killed Josephine
 20509 | D:13     | Reached skill level 21 in Maces & Flails
 20525 | D:13     | Found a gate to the Vaults.
 20535 | D:13     | Received a gift from Trog
 20572 | D:13     | Identified the +1 leather armour of Resourcefulness
                  | {Stlth+}
 20996 | D:14     | Found Cegisar's Neck Hole.
 21163 | D:14     | Identified a scroll of acquirement
 21164 | D:14     | Acquired the +3 Mad Mage's Maulers {Infuse+∞ VampMP -Cast}
 21164 | D:14     | Found the +3 Mad Mage's Maulers {Infuse+∞ VampMP -Cast}
 21199 | D:14     | Found the +4 robe of Augmentation {Str+4 Int+4 Dex+4}
 22042 | D:14     | Found a portal to a secret trove of treasure.
 22299 | D:15     | Entered Level 15 of the Dungeon
 22300 | D:15     | Found a frozen archway.
 23209 | D:15     | an alligator snapping turtle changed into an azure jelly
 23209 | D:15     | Noticed an azure jelly (glowing shapeshifter)
 23210 | D:15     | an azure jelly changed into a formless jellyfish
 23605 | D:15     | Reached skill level 15 in Armour
 23936 | D:15     | Found a staircase to the Depths.
 24355 | Spider:1 | Entered Level 1 of the Spider Nest
 24555 | Spider:1 | Reached XP level 16. HP: 146/146 MP: 8/15
 25645 | Spider:2 | Noticed Agnes
 25658 | Spider:1 | Killed Agnes
 27577 | Spider:3 | Received a gift from Trog
 28831 | Spider:4 | Entered Level 4 of the Spider Nest
 28991 | Spider:4 | Identified the +1 spear of the Lamprey {freeze, Str+3}
 29367 | Spider:4 | Reached XP level 17. HP: 152/152 MP: 3/16
 30162 | Spider:4 | Received a gift from Trog
 31310 | Spider:4 | Got a gossamer rune of Zot
 31523 | Swamp:1  | Entered Level 1 of the Swamp
 31523 | Swamp:1  | Found a radiant altar of Vehumet.
 32486 | Swamp:1  | Reached skill level 15 in Fighting
 34082 | Swamp:2  | Found a transporter.
 34082 | Swamp:2  | Noticed xfalz's ghost (journeyman GnSk)
 34082 | Swamp:2  | Noticed a hellephant
 34210 | Swamp:2  | Found a transporter.
 35892 | Swamp:4  | Entered Level 4 of the Swamp
 35894 | Swamp:4  | Reached XP level 18. HP: 169/169 MP: 10/17
 36321 | Swamp:4  | Killed from afar by a will-o-the-wisp

Illustrated notes

Levels and vault maps discovered:
D:1:      shiori_arrival_maze, layout_rooms, serial_shops, shop_coins,
          minivault_4, nrook_mini_vaults
D:2:      layout_basic, minmay_misc_feat_x, kennysheep_flooded_box,
          corexii_item_surrounded_by_moat
D:3:      layout_basic, lemuel_coloured_pillars_altar,
          shapermc_ecumenical_altar_mp_ritualfount
D:4:      layout_loops_cross, gammafunk_temple_overflow_elements,
          mainiacjoe_overflow_small_starburst
D:5:      layout_basic, nicolae_overflow_hidden_temple, lemuel_tele_altar,
          minmay_temple_entry_overgrown, uniq_menkaure
D:6:      layout_rooms, jmf_multi_god_temple, dk_xom_monty_hall
D:7:      layout_rooms, nicolae_shop_i_like_big_books
D:8:      layout_loops_cross, grunt_lair_entry_orc_guard_hut,
          biasface_ghost_orc_armoury, enter_bailey_2, uniq_erica, uniq_psyche,
          uniq_joseph
D:9:      layout_rooms, eat_drink_and_be_merry_uskayaw, erik_orc_4, uniq_pikel,
          uniq_jeremiah
D:10:     layout_irregular_city, minmay_fractal_squares_gapless_7
D:11:     layout_roguey
D:12:     layout_irregular_city, serial_shops, shop, nicolae_shop_crystal, shop,
          nicolae_shop_stone, shop
D:13:     layout_roguey, lightli_vaults_fourway_checkpoint, uniq_josephine
D:14:     minmay_wavy_crystal, layout_grid_maze, chequers_serial_rivers_micro_b,
          nicolae_trove_entry_crossroad, nicolae_shop_sticking_my_neck_out
D:15:     gammafunk_enter_depths_forms, layout_irregular_city,
          roderic_lattice_a, portal_ice_cave_entry_pillars_four, minivault_25,
          tgw_xom
Lair:1:   layout_cave_pods, infiniplex_staircase_pool_2, grunt_megastairs_3,
          lemuel_fruit_tree, lemuel_fruit_fields
Lair:2:   layout_chaotic_city, nicolae_swamp_entry_splash_gauntlet,
          spider_nest_entry_rubble, st_stairs_10
Lair:3:   layout_regular_city, gammafunk_ghost_ooze
Lair:4:   layout_gridlike
Lair:5:   hellmonk_lair_end_abyssal_woods, layout_regular_city,
          minmay_slime_entry_oklob_enclosed
Swamp:1:  layout_basic_swamp, basic_altar
Swamp:2:  layout_basic_swamp, gammafunk_ghost_abyssal_escape,
          hangedman_swamp_ruin_hall
Swamp:3:  layout_basic_swamp, hangedman_swamp_ruin_wall
Swamp:4:  swamp_alternative, layout_basic_swamp
Spider:1: layout_spider_delve
Spider:2: layout_spider_delve, guppyfry_hornet_nest, uniq_agnes
Spider:3: layout_spider_delve
Spider:4: hellmonk_spider_rune_endless_swarm
Orc:1:    layout_caves
Orc:2:    st_orc_pillars, layout_caves, serial_shops,
          nicolae_shop_just_a_little_nook, gauntlet_entry_generic,
          nicolae_shop_overcharged_wands

Skill      XL: |  1  2  3  4  5  6  7  8  9 10 11 12 13 14 15 16 17 |
---------------+----------------------------------------------------+-----
Maces & Flails | 4 5 6 7 8 9 10 11 13 16 20 21 | 21.0
Fighting       | 6 9 10 14 17 | 17.6
Armour         | 6 10 16 17 | 17.0
Dodging        | 5 10 14 | 14.0
Shields        | 10 12 14 15 16 19 | 19.0

Action                     |  1- 3 |  4- 6 |  7- 9 | 10-12 | 13-15 | 16-18 || total
---------------------------+-------+-------+-------+-------+-------+-------++-------
  Melee: Mace              |     7 |       |       |       |       |       ||     7
         Whip              |    65 |    95 |   264 |   578 |       |       ||  1002
         Punch             |     2 |     1 |       |    12 |       |       ||    15
         Headbutt          |     4 |    16 |    47 |   159 |   248 |   147 ||   621
         Morningstar       |       |       |       |   166 |   325 |       ||   491
         Eveningstar       |       |       |       |       |   748 |   732 ||  1480
  Throw: Dart              |       |       |       |     6 |       |       ||     6
 Invoke: Berserk           |       |     2 |     4 |     4 |     6 |     1 ||    17
         Trog's Hand       |       |       |       |     7 |    10 |     3 ||    20
         Brothers in Arms  |       |       |       |       |     5 |     2 ||     7
    Use: Potion            |       |     1 |       |       |       |     2 ||     3
         Scroll            |       |       |       |       |     6 |    21 ||    27
   Stab: Sleeping          |       |     1 |     1 |       |     4 |       ||     6
         Distracted        |       |       |       |     1 |     1 |     1 ||     3
 Armour: Animal skin       |    58 |    42 |    39 |       |       |       ||   139
         Troll leather arm |       |       |    78 |   233 |   305 |   151 ||   767
         Swamp dragon scal |       |       |       |       |       |    81 ||    81
  Dodge: Dodged            |    45 |    63 |   141 |   412 |   429 |   349 ||  1439
         Repelled          |       |       |       |       |       |     3 ||     3
  Block: Kite shield       |       |       |       |   121 |   801 |   640 ||  1562
         Other             |       |       |       |     8 |       |       ||     8
         Reflection        |       |       |       |     2 |    34 |    11 ||    47

Table legend: (Time is in decaauts)
 A = Elapsed time spent in this place.
 B = Non-inter-level travel time spent in this place.
 C = Inter-level travel time spent in this place.
 D = Time resting spent in this place.
 E = Time spent auto-exploring this place.
 F = Levels seen in this place.
 G = Mean time per level.
                   A        B        C        D        E       F      G
               +--------+--------+--------+--------+--------+-----+--------+
         Total |  35784 |  34208 |   1576 |   3462 |  24892 |  31 | 1154.3 |
       Dungeon |  14799 |  13857 |    942 |    832 |  10620 |  15 |  986.6 |
          Lair |   5412 |   5124 |    288 |    244 |   3800 |   5 | 1082.4 |
         Swamp |   4871 |   4787 |     84 |    336 |   3965 |   4 | 1217.8 |
   Spider Nest |   7013 |   6852 |    161 |    442 |   5423 |   4 | 1753.2 |
  Orcish Mines |   1961 |   1862 |     99 |    247 |    944 |   2 |  980.5 |
        Bailey |   1725 |   1725 |      0 |   1359 |    138 |   1 | 1725.0 |
               +--------+--------+--------+--------+--------+-----+--------+

Top non-repeatable levels by time:
Spider:4: 2438 daAuts
Spider:3: 1840 daAuts
 Swamp:3: 1780 daAuts
 Swamp:2: 1736 daAuts
  Bailey: 1725 daAuts
    D:10: 1703 daAuts
Spider:1: 1666 daAuts
    D:15: 1642 daAuts
    D:14: 1584 daAuts
  Lair:5: 1364 daAuts
 Swamp:1: 1271 daAuts
     D:5: 1240 daAuts
   Orc:2: 1156 daAuts
     D:6: 1150 daAuts
  Lair:4: 1119 daAuts
